 Dungeon Crawl Stone Soup version 0.30-a0-305-g026cb31310 (webtiles) character file.

Game seed: 16922760413700655470

37 Urakste the Conjurer (level 3, -8/19 HPs)
             Began as a Tengu Conjurer on Oct 22, 2022.
             Killed by divine providence
             ... invoked by an orc priest
              (16 damage)
             ... on level 2 of the Dungeon.
             The game lasted 00:07:14 (1313 turns).

Urakste the Conjurer (Tengu Conjurer)               Turns: 1313, Time: 00:07:15

Health: -8/19      AC:  3    Str:  7    XL:     3   Next: 39%
Magic:  5/7        EV: 11    Int: 18    God:
Gold:   33         SH:  0    Dex: 14    Spells: 5/6 levels left

rFire   . . .      SeeInvis .    l - +2 dagger (venom)
rCold   . . .      Faith    .    (no shield)
rNeg    . . .      Spirit   .    j - +0 leather armour
rPois   .          Reflect  .    (helmet restricted)
rElec   .          Harm     .    (no cloak)
rCorr   .          Rampage  .    (no gloves)
Will    .....                    (boots unavailable)
Stlth   ++........               (no amulet)
HPRegen 0.23/turn                n - +4 ring of slaying
MPRegen 0.10/turn                (no ring)

@: no status effects
A: beak, talons 3
a: no special abilities


You were on level 2 of the Dungeon.
You visited 1 branch of the dungeon, and saw 2 of its levels.

You collected 33 gold pieces.

Inventory:

Hand Weapons
 h - a +0 dagger
 i - a +0 hand axe
 l - a +2 dagger of venom (weapon)
 m - a +0 trident
Armour
 a - a +0 robe
 j - a +0 leather armour (worn)
Jewellery
 n - a +4 ring of slaying (left hand)
Scrolls
 c - 2 scrolls of immolation {unknown}
 e - 3 scrolls of identify {unknown}
 f - a scroll of enchant weapon {unknown}
 k - a scroll of teleportation {unknown}
Potions
 b - a potion of magic
 d - 2 potions of brilliance {unknown}
 g - a potion of flight {unknown}


   Skills:
 + Level 0.5 Armour
 + Level 2.4 Dodging
 + Level 2.0 Stealth
 + Level 2.1 Spellcasting
 + Level 6.4 Conjurations


You had 5 spell levels left.
You knew the following spells:

 Your Spells              Type           Power      Damage    Failure   Level
a - Magic Dart            Conj           100%       1d8       1%          1

Your spell library contained the following spells:

 Spells                   Type           Power      Damage    Failure   Level
 Searing Ray              Conj           50%        2d6       2%          2
 Static Discharge         Conj/Air       26%        2-4/arc   11%         2
 Dazzling Flash           Conj/Hex       26%        N/A       21%         3
 Sting                    Tmut/Pois      4%         1d3       26%         1
 Poisonous Vapours        Pois/Air       2%         N/A       36%         2
 Fulminant Prism          Conj/Hex       6%         3d7       56%         4
 Iskenderun's Mystic Bla  Conj/Tloc      13%        2d5       56%         4
 Vhi's Electric Charge    Tloc/Air       2%         N/A       61%         3
 Arcjolt                  Conj/Air       6%         1d16      88%         5
 Lightning Bolt           Conj/Air       6%         1d18      88%         5
 Olgreb's Toxic Radiance  Pois           1%         N/A       95%         4


Dungeon Overview and Level Annotations

Branches:
Dungeon (2/15)

Altars:


Innate Abilities, Weirdness & Mutations

You have a beak for a mouth.
You have claws for feet.


Message History

Okay, then.
A frilled lizard comes into view.
The magic dart hits the frilled lizard.
You kill the frilled lizard!
Found a silver ring.
You see here a +0 trident.
m - a +0 trident
Found a short sword.
n - a +4 ring of slaying You can't see any susceptible monsters within range! (Use Z to cast anyway.)
You can't see any susceptible monsters within range! (Use Z to cast anyway.)
n - a +4 ring of slaying (left hand) Unknown command.
You see here a +0 short sword.
Found a stone staircase leading down.
Found a robe.
You can't see any susceptible monsters within range! (Use Z to cast anyway.)
You see here a +0 robe.
An orc comes into view. It is wielding a +0 flail.
The magic dart hits the orc.
The orc is severely wounded.
The orc throws a boomerang.
The boomerang barely misses you.
The magic dart hits the orc.
The orc is almost dead.
The magic dart hits the orc.
You kill the orc!
An orc comes into view. It is wielding a +0 flail.
Found a thick runed staff. 2 orc priests come into view.
The orc shouts!
You hear a shout!
The orc priest shouts!
An orc comes into view. It is wielding a +0 short sword.
The orc priest shouts!
The orc priest miscasts a cantrip.
The orc priest invokes the aid of Beogh against you.
Pain shoots through your body!
Ouch! That really hurt!
The orc priest mumbles some strange prayers to Beogh against you.
Beogh smites you!
Ouch! That really hurt!
You die...

##......#####.##.#...#.#.###.#
.........††....##.#<..#.#.#
#.#
######.######..##.....#.#.#
#.# #.# #..##.#...#...# #.#
#.# #.....#...#######.# #.#
##....#...........# ..#
######...##..#########
.............# #######@...#.#
....o....###.# .#..o#.o.....#
.........###.# ....)....# #.#
...o.....# ### .#...#.....
..........## #######...#


You could see 2 orc priests and 2 orcs.

Vanquished Creatures
  An orc (D:2)
  4 ball pythons (D:1)
  3 bats
  3 endoplasms (D:1)
  6 goblins
  4 jackals (D:2)
  3 quokkas (D:1)
  A frilled lizard (D:2)
  3 kobolds (D:1)
  4 rats (D:1)
32 creatures vanquished.

Notes
Turn   | Place    | Note
-------+----------+-------------------------------------------
     0 | D:1      | Urakste the Tengu Conjurer began the quest for the Orb.
     0 | D:1      | Reached XP level 1. HP: 10/10 MP: 4/4
   301 | D:1      | Reached XP level 2. HP: 15/15 MP: 3/6
   569 | D:1      | Reached skill level 6 in Conjurations
   725 | D:1      | Reached XP level 3. HP: 19/19 MP: 3/7
  1313 | D:2      | Killed from afar by an orc priest

Illustrated notes

Levels and vault maps discovered:
D:1:      spicycebolla_arrival_ecumenical, layout_loops_cross,
          minmay_pentomino_p2
D:2:      cheibrodos_pilgrimage, layout_basic

Skill      XL: |  1  2 |
---------------+-------+-----
Conjurations   | 6 |  6.4
Armour         | |  0.5
Dodging        | |  2.4
Stealth        | |  2.0
Spellcasting   | |  2.1

Action                   || total
-------------------------++-------
Melee: Unarmed           ||     8
       Kick              ||     1
       Dagger            ||    11
       Punch             ||     1
       Peck              ||     1
 Cast: Magic Dart        ||    42
Armor: Robe              ||     2
       Leather armour    ||     7
Dodge: Dodged            ||    10

Table legend: (Time is in decaauts)
 A = Elapsed time spent in this place.
 B = Non-inter-level travel time spent in this place.
 C = Inter-level travel time spent in this place.
 D = Time resting spent in this place.
 E = Time spent auto-exploring this place.
 F = Levels seen in this place.
 G = Mean time per level.
                   A        B        C        D        E       F      G
               +--------+--------+--------+--------+--------+-----+--------+
         Total |   1311 |   1252 |     59 |    137 |    743 |   2 |  655.5 |
       Dungeon |   1311 |   1252 |     59 |    137 |    743 |   2 |  655.5 |
               +--------+--------+--------+--------+--------+-----+--------+

Top non-repeatable levels by time:
     D:1: 1089 daAuts
     D:2: 222 daAuts
